Map: Tokamak LE

Players

HeroMarine - Winner!

  • Race: Terran Terran
  • Spawn Location: 7:00

Shino

  • Race: Zerg Zerg
  • Spawn Location: 1:00

Event: HomeStory Cup XXVII

VOD

Have the link to the VOD?

Description

Time

  • Played on: June 28, 2025, 11:02 a.m.
  • Length: 3:55

All games in this series

Show
View Real Time Build Order
Export as new Build Order

HeroMarine Terran - Winner!

Build Orders: Reaper Expand 

Get SALT Encoding   

  12  0:00  SCV  
  13  0:12  SCV  
  14  0:16  Supply Depot  
  14  0:24  SCV  
  15  0:38  SCV  
  15  0:39  Barracks  
  16  0:43  Refinery  
  16  0:50  SCV  
  17  1:02  SCV  
  18  1:14  SCV  
  19  1:26  Orbital Command, Reaper  
  20  1:39  Command Center  
  20  1:47  Supply Depot  
  20  1:52  SCV  
  21  1:58  Marine  
  22  2:04  SCV  
  23  2:09  Factory  
  23  2:16  SCV  
  23  2:20  Marine  
  25  2:27  Refinery  
  25  2:28  SCV  
  26  2:36  Bunker x2  
  26  2:38  Marine  
  26  2:43  SCV  
  23  2:52  Factory Tech Lab  
  23  2:53  Orbital Command  
  23  2:55  SCV  
  18  3:09  Orbital Command  
  13  3:13  Cyclone  
  13  3:16  Marine  
  16  3:21  SCV  
  17  3:33  Marine, SCV  
  20  3:34  SCV  
Show
View Real Time Build Order
Export as new Build Order

Shino Zerg 

Build Orders: Hatch First 

Get SALT Encoding   

  12  0:00  Drone  
  13  0:34  Hatchery  
  12  0:45  Spawning Pool  
  11  0:50  Drone  
  11  0:55  Drone  
  13  0:59  Drone  
  14  1:09  Drone, Extractor  
  14  1:12  Extractor  
  14  1:13  Drone  
  14  1:32  Roach Warren  
  14  1:33  Drone  
  14  1:41  Overlord  
  14  2:12  Roach x3  
  20  2:24  Roach  
  20  2:28  Roach  
  24  2:44  Roach  
  24  2:55  Ravager  
  25  3:00  Roach  
  23  3:15  Roach  
  23  3:17  Ravager  
  26  3:24  Ravager  
Tags
 
Add a new tag
Caveats
  • Supply blocks, unpowered buildings, or Contaminate may cause inaccurate times.
  • Supply counts are checked every 10 seconds.